 Dungeon Crawl Stone Soup version 0.25-a0-290-g4a1327ee3a (webtiles) character file.

Game seed: 4340290447248568608, levelgen mode: classic

1495 Borgoz the Chopper (level 8, -5/73 HPs)
             Began as a Minotaur Berserker on Dec 15, 2019.
             Was a Priest of Trog.
             Slain by a gnoll
             ... wielding a +0 halberd
              (14 damage)
             ... on level 5 of the Dungeon.
             The game lasted 00:05:25 (4022 turns).

Borgoz the Chopper (Minotaur Berserker)             Turns: 4022, Time: 00:05:26

Health: -5/73      AC:  7    Str: 24    XL:     8   Next: 51%
Magic:  7/7        EV: 13    Int:  4    God:    Trog [***...]
Gold:   237        SH:  0    Dex: 10    Spells: 7/7 levels left

rFire    . . .     SeeInvis .   j - +0 war axe
rCold    . . .     Gourm    .   (no shield)
rNeg     . . .     Faith    .   n - +0 ring mail
rPois    .         Spirit   .   (helmet restricted)
rElec    .         Reflect  .   f - +0 cloak (curse)
rCorr    +         Harm     .   (no gloves)
MR       ++...                  (no boots)
Stlth    ..........             (no amulet)
HPRegen  1.22/turn              e - ring of resist corrosion
MPRegen  0.10/turn              (no ring)

@: marked, berserk cooldown, starving, regenerating, slowed, very slow
A: retaliatory headbutt, horns 2
a: Berserk, Trog's Hand, Renounce Religion


You were on level 5 of the Dungeon.
You worshipped Trog.
Trog was most pleased with you.
You were starving.

You visited 2 branches of the dungeon, and saw 6 of its levels.

You collected 237 gold pieces.

Inventory:

Hand Weapons
 j - a +0 war axe (weapon)
Armour
 f - a cursed +0 cloak (worn)
 n - a +0 ring mail (worn)
Jewellery
 e - a ring of resist corrosion (left hand)
 h - an uncursed ring of flight
Scrolls
 a - a scroll of random uselessness {unknown}
 b - a scroll of blinking
 k - 2 scrolls of enchant weapon {unknown}
 l - a scroll of fog {unknown}
 o - 3 scrolls of teleportation {unknown}
 p - a scroll of amnesia {unknown}
 q - a scroll of enchant armour {unknown}
 r - 2 scrolls of remove curse {unknown}
Potions
 d - 3 potions of curing
 g - 2 potions of haste {unknown}
 i - a potion of invisibility {unknown}
 m - a potion of agility {unknown}
 s - a potion of heal wounds {unknown}
Comestibles
 c - 11 rations


   Skills:
 * Level 7.3 Fighting
 * Level 7.3 Axes
 * Level 6.7 Armour
 * Level 6.2 Dodging


You had 7 spell levels left.
You didn't know any spells.
Your spell library was empty.

Dungeon Overview and Level Annotations

Branches:
Dungeon (5/15)             Temple (1/1) D:4

Altars:
Ashenzari
Cheibriados
Dithmenos
Elyvilon
Fedhas
Gozag
Hepliaklqana
Kikubaaqudgha
Nemelex Xobeh
Okawaru
Qazlal
Ru
Trog
Uskayaw
Vehumet
Wu Jian
Xom
Yredelemnul
Zin
The Shining One

Annotations:
D:4 2 runed translucent doors, Crazy Yiuf; mcbry's ghost, amateur MfGl


Innate Abilities, Weirdness & Mutations

You reflexively headbutt those who attack you in melee.
You have a pair of horns on your head.


Message History

You barely miss the gnoll. You slash the gnoll!
You kill the gnoll!
Trog accepts your kill. The gnoll barely misses you. x2
You hit the gnoll. Your headbutt misses the gnoll.
The gnoll is lightly wounded.
You are no longer berserk.
You are exhausted.
You feel yourself slow down. The gnoll hits you.
* * * LOW HITPOINT WARNING * * *
The gnoll hits you from afar with a +0 spear.
* * * LOW HITPOINT WARNING * * *
It was a potion of curing.
You feel better. The gnoll closely misses you. x2
The gnoll barely misses you. You furiously retaliate!
You headbutt the gnoll.
The gnoll hits you from afar with a +0 spear.
* * * LOW HITPOINT WARNING * * *
The gnoll hits you from afar with a +0 spear.
* * * LOW HITPOINT WARNING * * *
The gnoll hits you from afar with a +0 halberd!
You die...

##### #...########
##(.!...(...#.
####.(.8....8.(..
#.......gg(......
#.....###..###..
#....##.≈@)≈(# ...
##...##.≈g(≈.# .. .
#####..##.≈g.≈.#
.##.. ..
#..#...##.≈..≈.#
.....#
...###......##.≈..≈.#
......#
.....#.....###.≈..≈.#
....... ..........##
##....## .......
..#.......# ......
......... #.......#
.......##


You could see 4 gnolls.

Vanquished Creatures
  Grum (D:5)
  2 ice beasts
  A phantom (D:5)
  A wolf (D:5)
  2 ogres (D:5)
  2 centaurs
  A gnoll sergeant (D:5)
  A jelly (D:4)
  An orc priest (D:4)
  2 gnoll shamans (D:5)
  7 hounds
  2 worker ants (D:4)
  A hound skeleton (D:5)
  8 gnolls (D:5)
  6 adders
  A shadow imp (D:5)
  2 oozes (D:3)
  4 worms
  3 dart slugs
  3 leopard geckos
  6 orcs
  16 bats
  3 giant cockroaches (D:1)
  5 hobgoblins
  3 jackals
  2 quokkas
  3 frilled lizards
  13 goblins
  7 kobolds
  A leopard gecko zombie (D:4)
  11 rats
121 creatures vanquished.

Notes
Turn   | Place    | Note
-------+----------+-------------------------------------------
     0 | D:1      | Borgoz the Minotaur Berserker began the quest for the Orb.
     0 | D:1      | Reached XP level 1. HP: 19/19 MP: 0/0
   190 | D:1      | Reached XP level 2. HP: 18/27 MP: 1/1
   532 | D:1      | Reached XP level 3. HP: 33/33 MP: 2/2
   566 | D:1      | Reached ** piety under Trog
  1304 | D:2      | Reached XP level 4. HP: 39/40 MP: 3/3
  1305 | D:2      | Found a hide-covered altar of Uskayaw.
  1306 | D:2      | Found a glowing silver altar of Zin.
  1647 | D:3      | Noticed a moth of wrath
  1649 | D:3      | Found a bloodstained altar of Trog.
  1942 | D:3      | Found an ancient bone altar of Kikubaaqudgha.
  2009 | D:3      | Noticed an ice beast
  2016 | D:3      | Killed an ice beast
  2016 | D:3      | Reached XP level 5. HP: 25/47 MP: 4/4
  2264 | D:3      | Reached *** piety under Trog
  2548 | D:4      | Noticed a centaur
  2555 | D:4      | Killed a centaur
  2555 | D:4      | Reached skill level 5 in Fighting
  2555 | D:4      | Reached skill level 5 in Axes
  2555 | D:4      | Reached XP level 6. HP: 41/56 MP: 5/5
  2725 | D:4      | Found a runed translucent door.
  2726 | D:4      | Noticed mcbry's ghost (amateur MfGl)
  2763 | D:4      | Found a staircase to the Ecumenical Temple.
  2813 | Temple   | Entered the Ecumenical Temple
  2947 | D:4      | Found a shimmering altar of Xom.
  3219 | D:4      | Found a snail-covered altar of Cheibriados.
  3247 | D:4      | Found an opulent altar of Gozag.
  3254 | D:4      | Found an iron altar of Okawaru.
  3300 | D:4      | Found a runed translucent door.
  3301 | D:4      | Noticed Crazy Yiuf
  3382 | D:5      | Entered Level 5 of the Dungeon
  3388 | D:5      | Reached skill level 5 in Armour
  3388 | D:5      | Reached XP level 7. HP: 47/62 MP: 6/6
  3485 | D:5      | Reached skill level 5 in Dodging
  3758 | D:5      | Reached XP level 8. HP: 71/71 MP: 7/7
  3791 | D:5      | Noticed Grum
  3800 | D:5      | Killed Grum
  3938 | D:5      | Found a shattered altar of Ashenzari.
  4022 | D:5      | Slain by a gnoll

Levels and vault maps discovered:
D:1:      nzn_arrival_settlement, layout_loops_cross
D:2:      layout_loops_ring, chequers_temple_overflow_statue_of_worship,
          minmay_pentomino_w2
D:3:      layout_loops_ring, tgw_trog, kiku_gazebo_pond_becter, first_ration
D:4:      layout_basic, cheibriados_altar_1, minitemple,
          minmay_temple_entry_statues_pillars, gammafunk_ghost_grave,
          hangedman_abyss_or_decor_stabs, tgw_xom, uniq_crazy_yiuf_cottage
D:5:      layout_cave_pools, nicolae_ashenzari_panopticon, serial_gnoll_camp,
          gnoll_camp_medium_01, gnoll_camp_huts_moat, grums_kennel,
          gnoll_camp_mini_loothouse, gnoll_camp_mini_doghouse
Temple:   hc_temple_tempest_star

Skill      XL: |  1  2  3  4  5  6  7  8 |
---------------+-------------------------+-----
Axes           | 4 5 6 7 |  7.3
Fighting       | 4 5 6 7 |  7.3
Armour         | 3 4 5 6 |  6.7
Dodging        | 3 4 5 6 |  6.2

Action                   |  1- 3 |  4- 6 |  7- 9 || total
-------------------------+-------+-------+-------++-------
Melee: Hand axe          |    97 |   106 |       ||   203
       Headbutt          |     9 |    22 |    16 ||    47
       War axe           |       |     3 |    83 ||    86
Invok: Trog's Hand       |       |       |     3 ||     3
       Berserk           |       |       |     2 ||     2
  Use: Scroll            |       |     1 |       ||     1
       Potion            |       |       |     1 ||     1
 Stab: Sleeping          |     2 |       |       ||     2
  Eat: Chunk             |     1 |     7 |     3 ||    11
Armor: Animal skin       |    14 |       |       ||    14
       Ring mail         |    11 |    46 |    48 ||   105
Dodge: Dodged            |    68 |    58 |    92 ||   218
Block: Buckler           |     2 |    16 |     4 ||    22

Table legend:
 A = Non-vault XP
 B = Vault XP
 C = Vault XP percentage of total XP
 D = Non-vault monster count
 E = Vault monster count
 F = Vault count percentage of total count
                 A         B        C        D         E       F
            +---------+---------+-------+---------+---------+-------
      Total |    1192 |     944 |  44.2 |      87 |      34 |  28.1
            +---------+---------+-------+---------+---------+-------
        D:1 |      57 |       0 |   0.0 |      33 |       0 |   0.0
        D:2 |      37 |       4 |   9.8 |      16 |       2 |  11.1
        D:3 |     187 |      13 |   6.5 |      18 |       5 |  21.7
        D:4 |     263 |      94 |  26.3 |      11 |       7 |  38.9
        D:5 |     648 |     833 |  56.2 |       9 |      20 |  69.0
            +---------+---------+-------+---------+---------+-------
